Map: Ever Dream LE

Players

xKawaiian - Winner!

  • Race: Terran Terran
  • League: Master
  • Spawn Location: 1:00

arrogfire

  • Race: Protoss Protoss
  • Spawn Location: 7:00

VOD

Have the link to the VOD?

Description

Time

  • Played on: March 22, 2020, 3:11 p.m.
  • Length: 10:36
Show
View Real Time Build Order
Export as new Build Order

xKawaiian Terran - Winner!

Build Orders:  

Get SALT Encoding   

  12  0:00  SCV  
  13  0:13  SCV  
  14  0:22  Supply Depot  
  14  0:25  SCV  
  15  0:46  Barracks  
  15  0:50  Barracks  
  15  0:54  SCV  
  16  1:03  Refinery  
  16  1:06  SCV  
  17  1:18  SCV  
  19  1:33  Orbital Command, Marine  
  19  1:36  Marine  
  20  1:45  Bunker  
  20  1:51  Supply Depot, Marine  
  21  1:59  Bunker  
  21  2:01  SCV  
  22  2:06  Marine  
  23  2:12  Marine  
  24  2:22  SCV  
  25  2:23  Factory  
  25  2:24  Marine  
  26  2:32  Bunker  
  26  2:35  Marine  
  27  2:45  SCV  
  27  2:46  Refinery  
  27  2:47  Supply Depot  
  29  2:58  SCV  
  29  3:10  SCV  
  30  3:13  Factory Tech Lab  
  30  3:22  SCV  
  30  3:26  Command Center  
  31  3:30  Bunker  
  34  3:34  SCV, Cyclone  
  34  3:53  SCV  
  34  3:54  Starport  
  32  4:03  Bunker  
  32  4:06  Cyclone  
  35  4:11  SCV  
  36  4:17  Supply Depot  
  36  4:26  Marine x2  
  38  4:37  Viking  
  40  4:41  Orbital Command  
  40  4:44  Marine  
  41  4:51  Widow Mine  
  41  4:52  Marine  
  43  4:55  Supply Depot  
  44  5:00  SCV  
  44  5:01  Marine  
  46  5:12  Marine  
  43  5:19  Marine  
  32  5:30  Marine  
  32  5:35  Factory Tech Lab  
  27  5:37  Marine  
  28  5:45  Bunker  
  28  5:54  Siege Tank  
  28  5:56  SCV  
  32  6:05  Viking  
  32  6:08  SCV  
  35  6:22  SCV  
  32  6:35  Siege Tank  
  35  6:42  Marine  
  35  6:43  Marine  
  37  6:52  Viking, Bunker  
  37  6:53  SCV  
  40  6:55  SCV  
  40  7:00  Marine  
  40  7:01  Marine  
  43  7:05  SCV  
  43  7:07  SCV  
  45  7:09  Siege Tank  
  45  7:17  SCV  
  47  7:24  Barracks Tech Lab  
  47  7:25  Barracks Reactor  
  47  7:26  SCV  
  47  7:29  Supply Depot  
  46  7:31  SCV  
  47  7:38  SCV  
  47  7:39  Liberator  
  47  7:43  SCV  
  52  7:50  SCV  
  53  7:58  SCV  
  54  7:59  Engineering Bay  
  54  8:00  Marine, Barracks  
  54  8:04  Marine  
  56  8:07  Marine  
  57  8:17  SCV x2  
  57  8:18  Marine  
  60  8:22  Marine  
  60  8:25  Marine  
  62  8:35  Siege Tank  
  62  8:38  Stimpack  
  65  8:57  Missile Turret  
  65  8:59  SCV  
  65  9:00  Starport Reactor  
  66  9:03  SCV  
  66  9:07  Marine  
  68  9:23  Barracks Reactor  
  68  9:25  SCV  
  69  9:33  SCV  
  70  9:40  Supply Depot  
  70  9:43  Medivac x2, Marine x3  
  70  9:44  SCV  
  78  10:00  Bunker  
  78  10:02  Marine x3  
  78  10:03  Marine  
  78  10:04  Marine  
  83  10:10  SCV  
Show
View Real Time Build Order
Export as new Build Order

arrogfire Protoss 

Build Orders: 1 Gate Expand 

Get SALT Encoding   

  12  0:00  Probe  
  13  0:12  Probe  
  14  0:16  Pylon  
  14  0:24  Probe (Chrono Boost)  
  14  0:27  Assimilator  
  15  0:37  Probe (Chrono Boost)  
  16  0:44  Probe (Chrono Boost)  
  16  0:45  Gateway  
  17  0:51  Probe  
  18  1:03  Probe  
  19  1:15  Probe  
  20  1:21  Nexus  
  20  1:32  Cybernetics Core  
  20  1:34  Probe  
  20  1:39  Assimilator  
  21  1:46  Probe  
  22  1:49  Pylon  
  22  1:58  Probe  
  23  2:06  Adept (Chrono Boost)  
  23  2:10  Probe  
  23  2:14  Robotics Facility  
  26  2:23  Robotics Facility  
  26  2:31  Stalker  
  28  2:45  Shield Battery  
  28  2:49  Pylon  
  28  3:01  Pylon  
  28  3:05  Immortal (Chrono Boost)  
  34  3:29  Warp Prism (Chrono Boost)  
  34  3:39  Immortal (Chrono Boost)  
  41  4:07  Immortal (Chrono Boost)  
  41  4:09  Pylon  
  41  4:21  Immortal (Chrono Boost)  
  45  4:47  Immortal (Chrono Boost)  
  49  4:53  Pylon  
  49  5:08  Immortal (Chrono Boost)  
  41  5:29  Warp Prism (Chrono Boost)  
  33  5:43  Immortal (Chrono Boost)  
  37  5:58  Immortal (Chrono Boost)  
  45  6:24  Immortal (Chrono Boost)  
  45  6:35  Immortal (Chrono Boost)  
  49  6:56  Observer  
  50  7:14  Immortal (Chrono Boost)  
  50  7:15  Immortal (Chrono Boost)  
  40  7:47  Immortal  
  45  8:12  Observer  
  44  8:23  Immortal (Chrono Boost)  
  52  8:35  Nexus  
  52  8:40  Immortal (Chrono Boost)  
  52  8:43  Observer  
  52  8:57  Observer x2  
  53  9:12  Warp Prism  
  35  9:59  Probe (Chrono Boost)  
  36  10:05  Probe (Chrono Boost)  
  38  10:08  Probe (Chrono Boost)  
  38  10:11  Probe  
Tags
 
League
Master
Matchup
PvT
Player
xKawaiian
Spawn Locations
Cross Positions
Add a new tag
Caveats
  • Supply blocks, unpowered buildings, or Contaminate may cause inaccurate times.
  • Supply counts are checked every 10 seconds.